 Dungeon Crawl Stone Soup version 0.31.0-32-g396128a36d (webtiles) character file.

Game seed: 2006503798911244176

1908 Cheops the Cleaver (level 8, -8/64 HPs)
             Began as a Minotaur Fighter on Apr 15, 2024.
             Was an Elder of Zin.
             Mangled by a gnoll
             ... wielding a +0 halberd
             ... led by a gnoll bouda
              (13 damage)
             ... on level 6 of the Dungeon.
             The game lasted 00:12:30 (5364 turns).

Cheops the Cleaver (Minotaur Fighter)               Turns: 5364, Time: 00:12:31

Health: -8/64      AC: 13    Str: 23    XL:     8   Next: 94%
Magic:  11/11      EV:  9    Int:  5    God:    Zin [****..]
Gold:   369        SH:  5    Dex: 10    Spells: 7/7 levels left

rFire   + . .        a - +0 war axe
rCold   . . .        c - +1 buckler
rNeg    . . .        s - +0 scale mail
rPois   .            (helmet restricted)
rElec   .            l - +2 cloak
rCorr   .            q - +1 pair of gloves
SInv    .            p - +0 pair of boots
Will    .....        (no amulet) Stlth
                     j - ring of protection from fire
HPRegen 0.30/turn    (no ring)
MPRegen 0.12/turn

%: no passive effects
@: weakened
A: horns 2, retaliatory headbutt
a: Renounce Religion, Recite, Vitalisation, Imprison, Donate Gold


You were on level 6 of the Dungeon.
You worshipped Zin.
Zin was greatly pleased with you.
You visited 2 branches of the dungeon, and saw 7 of its levels.
You also visited: Sewer.

You collected 409 gold pieces.
You donated 40 gold pieces to Zin.

Inventory:

Hand Weapons
 a - a +0 war axe (weapon)
 b - the +10 spear "Grim" {venom, rN+ Will+ MP+9}
   (You found it on level 4 of the Dungeon)

   rN+:       It protects you from negative energy.
   Will+:     It increases your willpower.
   MP+9:      It affects your magic capacity (+9).
 v - a +0 whip of flaming
Armour
 c - a +1 buckler (worn)
 l - a +2 cloak (worn)
 p - a +0 pair of boots (worn)
 q - a +1 pair of gloves (worn)
 s - a +0 scale mail (worn)
Jewellery
 j - a ring of protection from fire (left hand)
Wands
 r - a wand of charming (7)
 w - a wand of flame (4)
Scrolls
 h - 4 scrolls of teleportation
 o - 2 scrolls of poison
 t - 2 scrolls of enchant weapon
Potions
 d - 2 potions of might
 e - 3 potions of heal wounds {unknown}
 g - a potion of enlightenment
 i - 2 potions of haste
 k - 6 potions of curing
 m - a potion of ambrosia
 n - 2 potions of mutation
 u - a potion of magic


   Skills:
 - Level 3.6 Fighting
 * Level 11.7 Axes
 - Level 3.6 Armour
 - Level 3.6 Shields
 + Level 6.2 Invocations


You had 7 spell levels left.
You didn't know any spells.
Your spell library contained the following spells:

 Spells                   Type           Power      Damage    Failure   Level
 Freeze                   Ice            0%         1d3       85%         1
 Ensorcelled Hibernation  Hex/Ice        0%         N/A       94%         2
 Dazzling Flash           Conj/Hex       0%         N/A       99%         3
 Frozen Ramparts          Ice            0%         1d1       99%         3
 Hailstorm                Conj/Ice       0%         3d5       99%         3
 Mephitic Cloud           Conj/Alch/Air  0%         N/A       99%         3
 Passwall                 Erth           0%         N/A       99%         3
 Summon Ice Beast         Ice/Summ       0%         N/A       99%         3
 Swiftness                Air            0%         N/A       99%         3
 Curse of Agony           Necr           0%         N/A       100%        5
 Iskenderun's Battlesphe  Conj           0%         2d6       100%        5
 Silence                  Hex/Air        0%         N/A       100%        5
 Summon Mana Viper        Hex/Summ       0%         N/A       100%        5
 Bombard                  Conj/Erth      0%         9d1       100%        6
 Monstrous Menagerie      Summ           0%         N/A       100%        7
 Spellforged Servitor     Conj/Summ      0%         N/A       100%        7


Dungeon Overview and Level Annotations

Branches:
Dungeon (6/15)             Temple (1/1) D:5           Sewer (visited)

Altars:
Ashenzari
Elyvilon
Gozag
Hepliaklqana
Makhleb
Nemelex Xobeh
Ru
Sif Muna
Trog
Uskayaw
Vehumet
Wu Jian
Xom
Yredelemnul
Zin
The Shining One

Shops:
D:5 *

Annotations:
D:5 2 transporters


Innate Abilities, Weirdness & Mutations

You have a pair of horns on your head.
You reflexively headbutt those who attack you in melee.


Message History

You rip the net and break free!
The gnoll is no longer moving quickly.
Your gnoll closely misses the gnoll bouda.
The gnoll barely misses you. You block the gnoll's attack.
The gnoll hits you but does no damage.
The gnoll bouda gazes fiercely through you!
You feel your attacks grow feeble.
The gnoll bouda hits you with a +0 club!
* * * LOW HITPOINT WARNING * * *
Unknown command.
Unknown command.
Unknown command.
Unknown command.
Your gnoll hits the gnoll bouda from afar with a +0 spear.
The gnoll attacks as it pursues you!
The gnoll hits you from afar with a +0 halberd.
* * * LOW HITPOINT WARNING * * *
The gnoll closely misses you.
The gnoll bouda prays to its god.
The gnoll bouda is healed somewhat.
Unknown command.
Unknown command.
Unknown command.
You feel better.
Your gnoll hits the gnoll bouda from afar with a +0 spear.
The gnoll completely misses you. The gnoll hits you with a +0 whip.
* * * LOW HITPOINT WARNING * * *
The gnoll hits you from afar with a +0 halberd.
* * * LOW HITPOINT WARNING * * *
The gnoll bouda barks out a call to the hunt!
The gnoll picks up the pace!
Unknown command.
Unknown command.
Unknown command.
You hit the gnoll bouda.
The gnoll bouda is almost dead.
You hit the gnoll.
Your gnoll hits the gnoll bouda from afar with a +0 spear.
The gnoll bouda dies!
The gnoll hits you from afar with a +0 halberd!
You die... #>##...## #.# # #.......# ##'## .### ####...## ##...## #### g.. # ###.## ##.(...## #.. gg....

##.#.# ##.......###g##.#..#
######....###.........##.#.....#
............+....g)...'(.......#
######....###....gg...##.#....##
##.#.# ##..@)g..###.##.#.#
...#.# ##.....## #.. ...#
##.###.# ##...## #### ### .##
#.# ##'## #..# #. #.# #...## ##.
#.# #..#.###.#####.## #
###..~~~~~~~~.....##..
##~~~~~≈≈≈≈≈≈~~~~...#.#


You could see 3 gnolls and a friendly gnoll (charmed, unaware).

Vanquished Creatures
  Grinder (D:3)
  An ogre (D:4)
  A phantom (D:6)
  3 kobold brigands
  A weeping skull (D:3)
  A bullfrog (D:4)
  3 scorpions
  An oklob sapling (D:5)
  A howler monkey (D:6)
  7 hounds
  4 bombardier beetles
  A jelly (D:4)
  An orc priest (D:4)
  An iguana (D:4)
  4 orc wizards
  Ijyb (D:4)
  Terence (D:3)
  12 gnolls
  4 river rats (Sewer)
  7 adders
  A shadow imp (D:6)
  2 ufetubi (D:6)
  4 ribbon worms
  3 dart slugs
  14 orcs
  3 bats
  8 endoplasms
  4 giant cockroaches
  8 goblins
  11 hobgoblins
  4 jackals (D:3)
  55 kobolds
  2 quokkas
  8 ball pythons
  2 frilled lizards
  7 rats
  A spectral orc (D:3)
193 creatures vanquished.

Vanquished Creatures (collateral kills)
  A gnoll bouda (D:6)
1 creature vanquished.

Grand Total: 194 creatures vanquished

Notes
Turn   | Place    | Note
-------+----------+-------------------------------------------
     0 | D:1      | Cheops the Minotaur Fighter began the quest for the Orb.
     0 | D:1      | Reached XP level 1. HP: 19/19 MP: 0/0
   283 | D:1      | Reached skill level 3 in Axes
   334 | D:1      | Reached XP level 2. HP: 26/26 MP: 1/1
   455 | D:1      | Found a faded altar of an unknown god.
   730 | D:2      | Reached skill level 4 in Axes
   730 | D:2      | Reached XP level 3. HP: 31/31 MP: 2/2
   734 | D:2      | You fall into a shaft and drop 1 floor!
   761 | D:3      | Found a glowing silver altar of Zin.
   819 | D:3      | Became a worshipper of Zin the Law-Giver
   819 | D:3      | Reached * piety under Zin
   930 | D:2      | Reached skill level 5 in Axes
  1262 | D:3      | Reached XP level 4. HP: 39/39 MP: 3/3
  1440 | D:3      | Reached skill level 1 in Invocations
  1444 | D:3      | Noticed Terence
  1451 | D:3      | Killed Terence
  1666 | D:3      | Found a basalt altar of Yredelemnul.
  1666 | D:3      | Noticed a weeping skull
  1674 | D:3      | Killed a weeping skull
  1675 | D:3      | Reached skill level 6 in Axes
  1675 | D:3      | Reached XP level 5. HP: 42/45 MP: 5/5
  2087 | D:3      | Reached XP level 6. HP: 51/51 MP: 6/6
  2098 | D:3      | Reached skill level 7 in Axes
  2130 | D:3      | Noticed Grinder
  2141 | D:3      | Killed Grinder
  2191 | D:3      | Reached skill level 8 in Axes
  2191 | D:3      | Reached XP level 7. HP: 52/57 MP: 8/8
  2314 | D:3      | Reached ** piety under Zin
  2457 | D:4      | Noticed Ijyb
  2467 | D:4      | Reached skill level 9 in Axes
  2472 | D:4      | Killed Ijyb
  2836 | D:4      | Reached XP level 8. HP: 64/64 MP: 10/10
  2849 | D:4      | Identified the +10 spear "Grim" {venom, rN+ Will+ MP+9}
  2859 | D:4      | Reached skill level 10 in Axes
  2859 | D:4      | Reached skill level 5 in Invocations
  3100 | D:4      | Reached *** piety under Zin
  3302 | D:5      | Entered Level 5 of the Dungeon
  3351 | D:5      | Found a glowing drain.
  3369 | Sewer    | Entered a sewer
  3796 | D:5      | Found Doanadocs's Assorted Antiques.
  3806 | D:5      | Found a transporter.
  4002 | D:5      | Reached skill level 11 in Axes
  4035 | D:5      | Found an ornate altar of the Wu Jian Council.
  4159 | D:5      | Found a transporter.
  4309 | D:5      | Found a radiant altar of Vehumet.
  4350 | D:5      | Found a bloodstained altar of Trog.
  4500 | D:5      | Found a staircase to the Ecumenical Temple.
  4687 | D:5      | Zin protects you from harm!
  4700 | Temple   | Entered the Ecumenical Temple
  4913 | D:6      | Reached **** piety under Zin
  5364 | D:6      | Mangled by a gnoll

Illustrated notes

Levels and vault maps discovered:
D:1:      dpeg_arrival_signposts, layout_rooms,
          dreamdust_ecumenical_altar_hidden_monk_grotto, minmay_tiny_reverse_x
D:2:      layout_basic, minmay_misc_feat_diagonals, minmay_tree_intersection,
          minmay_pentomino_p2
D:3:      minmay_goblin_kobold_castle, layout_loops_ring, old_standard_altar,
          yredelemnul_forgotten_temple_becter, uniq_grinder, uniq_terence
D:4:      cheibrodos_barr_body, layout_basic, uniq_ijyb
D:5:      gammafunk_cloud_chamber, layout_gridville, vehumet_altar_wand_db,
          kennysheep_mini, mainiacjoe_overflow_surrounded_room,
          minmay_temple_entry_oklob, cheibrodos_sewer_entry_drain, serial_shops,
          shop
D:6:      wander_river, layout_loops_corners, uniq_crazy_yiuf_cottage
Temple:   bh_familiar_temple

Skill      XL: |  1  2  3  4  5  6  7  8 |
---------------+-------------------------+-----
Axes           | 3 4 5 6 8 9 11 | 11.7
Invocations    | 2 3 4 6 |  6.2
Fighting       | |  3.6
Armour         | |  3.6
Shields        | |  3.6

Action                     |  1- 3 |  4- 6 |  7- 9 || total
---------------------------+-------+-------+-------++-------
  Melee: War axe           |    51 |   120 |   258 ||   429
         Headbutt          |     4 |    25 |    36 ||    65
  Evoke: Wand              |       |       |     1 ||     1
    Use: Scroll            |       |       |    10 ||    10
         Potion            |       |       |     5 ||     5
 Armour: Scale mail        |    34 |    86 |   183 ||   303
  Dodge: Dodged            |    22 |    39 |   100 ||   161
  Block: Buckler           |     8 |    26 |    42 ||    76
